 Dungeon Crawl Stone Soup version 0.28-a0-984-g3775c662fe (webtiles) character file.

Game seed: 7101339639076092345

65411 vurker the Lord of Darkness (level 15, -17/96 HPs)
             Began as a Tengu Necromancer on Dec 3, 2021.
             Was the Champion of Kikubaaqudgha.
             Killed from afar by a fire dragon (63 damage)
             ... with a blast of flame
             ... on level 6 of the Lair of Beasts.
             The game lasted 00:49:48 (30866 turns).

vurker the Lord of Darkness (Tengu Necromancer)    Turns: 30866, Time: 00:49:48

Health: -17/96     AC:  8    Str: 14    XL:     15   Next: 16%
Magic:  34/44      EV: 14    Int: 22    God:    Kikubaaqudgha [******]
Gold:   1513       SH:  0    Dex: 16    Spells: 13/44 levels left

rFire   . . .      SeeInvis .   m - +0 whip (elec)
rCold   . . .      Faith    .   (no shield)
rNeg    . . .      Spirit   .   o - +0 acid dragon scales
rPois   .          Reflect  .   (helmet restricted)
rElec   .          Harm     .   j - +1 cloak
rCorr   +          Rampage  .   (no gloves)
Will    +....                   (boots unavailable)
Stlth   ++........              p - amulet of magic regeneration
HPRegen 0.26/turn               f - +6 ring of strength
MPRegen 0.69/turn               n - ring of magical power

@: flying quickly and evasively, quick
A: beak, talons 3, nimble flight
a: Renounce Religion, Receive Corpses, Torment


You were on level 6 of the Lair of Beasts.
You worshipped Kikubaaqudgha.
Kikubaaqudgha was exalted by your worship.
You visited 3 branches of the dungeon, and saw 19 of its levels.
You also visited: Bailey.

You collected 1536 gold pieces.
You spent 23 gold pieces at shops.

Inventory:

Hand Weapons
 m - a +0 whip of electrocution (weapon)
   (You took it off Pikel on level 9 of the Dungeon)
Armour
 e - a scarf of repulsion
   (You found it on level 9 of the Dungeon)
 j - a +1 cloak (worn)
   (You found it on level 2 of the Dungeon)
 o - +0 acid dragon scales (worn)
   (You found it on level 10 of the Dungeon)
Magical Staves
 g - a staff of air
   (You found it on level 1 of the Dungeon)
 F - a staff of fire
   (You found it on level 4 of the Dungeon)
Jewellery
 f - a +6 ring of strength (left hand)
   (You found it on level 1 of the Dungeon)
 n - a ring of magical power (right hand)
   (You found it on level 2 of the Dungeon)
 p - an amulet of magic regeneration (around neck)
   (You found it on level 10 of the Dungeon)
 B - a ring of positive energy
   (You found it on level 12 of the Dungeon)
 D - a ring of wizardry
   (You found it on level 2 of the Lair of Beasts)
 K - the ring of Figgesho {rF- rN+ Str+6 Dex+3 Stlth+}
   (You found it on level 5 of the Lair of Beasts)

   [ring of positive energy]

   Str:       It affects your strength (+6).
   Dex:       It affects your dexterity (+3).
   rF:        It makes you vulnerable to fire.
   rN:        It protects you from negative energy.
   Stlth:     It makes you more stealthy.
Wands
 d - a wand of iceblast (12)
   (You found it on level 11 of the Dungeon)
 t - a wand of flame (61)
   (You took it off Sigmund on level 2 of the Dungeon)
 v - a wand of digging (5)
   (You found it on level 2 of the Lair of Beasts)
 y - a wand of charming (10)
   (You found it on level 6 of the Dungeon)
 A - a wand of mindburst (1)
   (You took it off an orc wizard on level 12 of the Dungeon)
Scrolls
 a - 7 scrolls of teleportation
 i - 5 scrolls of enchant armour
 u - a scroll of amnesia
 w - 3 scrolls of enchant weapon
 z - 2 scrolls of fear
 E - 2 scrolls of identify
 G - 6 scrolls of fog
 H - a scroll of immolation
 I - a scroll of magic mapping
 L - a scroll of silence
Potions
 b - 4 potions of haste
 c - a potion of magic
 h - 2 potions of brilliance
 k - 7 potions of lignification
 l - a potion of cancellation
 q - a potion of might
 r - a potion of ambrosia
 s - a potion of invisibility
 C - 2 potions of curing
 J - a potion of mutation


   Skills:
 + Level 11.6 Fighting
 - Level 2.1 Dodging
 - Level 2.0 Stealth
 * Level 15.0 Spellcasting
 + Level 0.9 Summonings
 * Level 18.0 Necromancy
 - Level 5.0 Earth Magic


You had 13 spell levels left.
You knew the following spells:

 Your Spells              Type           Power      Damage    Failure   Level
a - Pain                  Necr           100%       1d9       0%          1
b - Vampiric Draining     Necr           77%        2d11      0%          3
c - Dispel Undead         Necr           77%        3d25      1%          4
p - Apportation           Tloc           32%        N/A       5%          1
q - Sublimation of Blood  Necr           77%        N/A       0%          2
w - Haunt                 Necr/Summ      27%        N/A       65%         7
x - Borgnjor's Vile Clut  Necr/Erth      30%        N/A       1%          5
z - Infestation           Necr           38%        N/A       22%         8

Your spell library contained the following spells:

 Spells                   Type           Power      Damage    Failure   Level
 Animate Skeleton         Necr           100%       N/A       0%          1
 Corpse Rot               Necr/Air       100%       N/A       1%          2
 Animate Dead             Necr           38%        N/A       1%          4
 Agony                    Necr           77%        N/A       1%          5
 Excruciating Wounds      Necr           38%        N/A       1%          5
 Death Channel            Necr           38%        N/A       1%          6
 Summon Small Mammal      Summ           80%        N/A       3%          1
 Magic Dart               Conj           64%        1d6       5%          1
 Slow                     Hex            64%        N/A       5%          1
 Ensorcelled Hibernation  Hex/Ice        32%        N/A       8%          2
 Searing Ray              Conj           32%        2d5       8%          2
 Static Discharge         Conj/Air       16%        N/A       8%          2
 Confusing Touch          Hex            16%        N/A       16%         3
 Gell's Gravitas          Tloc           16%        N/A       16%         3
 Ignite Poison            Fire/Tmut/Pois 16%        N/A       16%         3
 Lesser Beckoning         Tloc           16%        N/A       16%         3
 Mephitic Cloud           Conj/Pois/Air  16%        N/A       16%         3
 Spider Form              Tmut/Pois      16%        N/A       16%         3
 Teleport Other           Tloc           16%        N/A       16%         3
 Simulacrum               Ice/Necr       27%        N/A       21%         6
 Borgnjor's Revivificati  Necr           38%        N/A       22%         8
 Fulminant Prism          Conj/Hex       8%         3d7       45%         4
 Sticky Flame             Conj/Fire      16%        2d4       45%         4
 Summon Forest            Summ/Tloc      9%         N/A       77%         5
 Summon Mana Viper        Hex/Summ       18%        N/A       77%         5
 Alistair's Intoxication  Tmut/Pois      10%        N/A       82%         5
 Freezing Cloud           Conj/Ice/Air   8%         6-21      82%         5
 Iskenderun's Battlesphe  Conj           16%        2d7       82%         5
 Iron Shot                Conj/Erth      13%        9d3       96%         6
 Death's Door             Necr           38%        N/A       97%         9
 Summon Cactus Giant      Summ           10%        N/A       99%         6
 Eringya's Noxious Bog    Tmut/Pois      8%         N/A       100%        6
 Malign Gateway           Summ/Tloc      9%         N/A       100%        7
 Spellforged Servitor     Conj/Summ      9%         N/A       100%        7
 Necromutation            Tmut/Necr      27%        N/A       100%        8
 Summon Horrible Things   Summ           10%        N/A       100%        8


Dungeon Overview and Level Annotations

Branches:
Dungeon (12/15)            Temple (1/1) D:5            Lair (6/6) D:11
  Swamp (0/4) Lair:3       Spider (0/4) Lair:4        Slime (0/5) Lair:6
    Orc (0/2) D:12         Bailey (visited)

Altars:
Ashenzari
Cheibriados
Dithmenos
Elyvilon
Fedhas
Gozag
Hepliaklqana
Kikubaaqudgha
Makhleb
Nemelex Xobeh
Okawaru
Qazlal
Ru
Sif Muna
Trog
Uskayaw
Vehumet
Wu Jian
Xom
Yredelemnul
Zin
The Shining One
Beogh

Shops:
D:3 [   D:9 *

Annotations:
D:3 Grinder
D:5 3 runed translucent doors, NigelTetley's ghost, novice DECj
D:8 3 runed translucent doors, anonymous's ghost, novice TeAE


Innate Abilities, Weirdness & Mutations

You have a beak for a mouth.
You have claws for feet.
Your magical nature lets you fly swiftly and evasively.


Message History

You see here 14 stones.
There is a staircase to the Slime Pits here.
You see here 14 stones.
Key pressed, stopping explore.
You see here 23 stones.
Found 19 gold pieces.
Partly explored, can't reach some items and places.
Partly explored, can't reach some items and places.
Partly explored, can't reach some items and places.
Partly explored, can't reach some items and places.
You hit the plant.
The plant begins to die.
Lightning courses through the plant! You claw the plant. You peck the plant.
You hit the plant. You claw the plant. You peck the plant, but do no damage.
The fire dragon roars deafeningly!
You hit the plant. Lightning courses through the plant! You claw the plant.
You hit the plant. Lightning courses through the plant! You hit the plant.
You claw the plant!
A nearby plant withers and dies.
You reach down and open the door.
Aim: a fire dragon (100% to hit)
Zombie hands grab the fire dragon.
The zombie hands constrict the fire dragon.
The fire dragon struggles to escape constriction.
The zombie hands constrict the fire dragon.
The fire dragon breathes flames at you. The blast of flame hits you!!
The zombie hands lose their grip on something.
Aim: a fire dragon (lightly wounded, catching its breath, 100% to hit)
Zombie hands grab the fire dragon.
The zombie hands constrict the fire dragon.
The fire dragon struggles to escape constriction.
The zombie hands constrict the fire dragon!
The fire dragon struggles to escape constriction.
The zombie hands constrict the fire dragon.
The zombie hands constrict the fire dragon!
The fire dragon escapes!
Aim: a fire dragon (moderately wounded, 100% to hit)
Zombie hands grab the fire dragon.
The zombie hands constrict the fire dragon.
The fire dragon breathes flames at you. The blast of flame hits you!!
* * * LOW HITPOINT WARNING * * *
The zombie hands lose their grip on something.
Aim: a fire dragon (moderately wounded, 100% to hit)
Zombie hands grab the fire dragon.
The zombie hands constrict the fire dragon!
The fire dragon breathes flames at you. The blast of flame hits you!!!
Ouch! That really hurt!
You die...
Kikubaaqudgha rasps: "You have failed me!
Welcome... death!"

.#### ##..# $.$#
#........ ..#.# ###..##
$$$# #........ ...###
#....### $$$# #........
#....## ##.D##.##
$####........ .#..P.#
##P.#..## ####....#....
)....## ##...#.###
#..........# ......#
#.....#..###...........
......#
#.PP......#............
....###
###PP.@...........(....
#####
#..#...#...P.......#...
###
####...............#...
#####.#
#..........#....#..#..
.....##
##.....#######.........
......# #.......#
#...^..... .....##
#......## ##.........
......### #P......#
#..........
.....#..####......#
#.#.#......


You could see a fire dragon (catching breath, clutched).

Vanquished Creatures
  A dire elephant (Lair:6)
  Harold (D:11)
  2 fire dragons
  11 hydras
  A boulder beetle (D:12)
  A death knight (D:12)
  2 anacondas (Lair:6)
  5 two-headed ogres
  A death yak (Lair:5)
  4 skeletal warriors (D:12)
  3 bog bodies
  Pikel (D:9)
  2 lindwurms (Lair:6)
  A swamp dragon (Lair:6)
  An oklob plant (Lair:6)
  A wolf spider (Lair:6)
  A manticore (D:12)
  An elephant (Lair:6)
  A cyclops (D:12)
  5 black mambas
  An ice statue (Lair:5)
  2 unseen horrors
  14 cane toads
  A rime drake (Lair:6)
  8 torpor snails
  9 komodo dragons
  2 ice devils (Lair:5)
  5 trolls
  3 tyrant leeches (Lair:6)
  7 polar bears
  7 hornets
  22 blink frogs
  Sigmund (D:2)
  A meliai zombie (D:11)
  56 yaks
  A shadow (D:10)
  4 wyverns
  A dire elephant simulacrum (Lair:5)
  A wraith (D:10)
  9 vampire mosquitoes
  2 basilisks
  5 steam dragons
  Menkaure (D:6)
  4 acid dragons
  14 water moccasins
  2 ice beasts (D:7)
  2 swamp drakes (Lair:6)
  13 orc warriors
  5 black bears
  2 ogres (D:6)
  27 wolves
  2 centaurs
  3 phantoms
  A kobold brigand (D:9)
  9 bullfrogs
  A cane toad simulacrum (Lair:5)
  7 scorpions
  A wyvern zombie (D:7)
  2 water moccasin skeletons
  A wyvern skeleton (D:7)
  15 wights
  11 killer bees
  3 centaur zombies
  2 hounds (D:7)
  4 orc priests
  A bullfrog skeleton (D:4)
  2 centaur skeletons (D:7)
  A gnoll shaman (D:6)
  3 iguanas
  7 orc wizards
  A scorpion zombie (D:5)
  3 troll simulacra (Lair:5)
  6 hell rats (Lair:5)
  2 polar bear simulacra (Lair:5)
  A killer bee zombie (D:8)
  4 howler monkey zombies
  5 adders
  18 gnolls
  3 worms
  2 dart slugs (D:4)
  37 orcs
  7 ball pythons
  7 endoplasms
  6 giant cockroaches
  19 goblins
  17 hobgoblins
  2 jackals (D:2)
  12 kobolds
  4 quokkas
  5 bats
  5 rats
520 creatures vanquished.

Vanquished Creatures (collateral kills)
  A yak (Lair:1)
  An orc warrior (Bailey)
  A goblin (Bailey)
3 creatures vanquished.

Vanquished Creatures (others)
  An orc wizard (D:12)
  36 fungi
  54 plants
91 creatures vanquished.

Grand Total: 614 creatures vanquished

Notes
Turn   | Place    | Note
-------+----------+-------------------------------------------
     0 | D:1      | vurker the Tengu Necromancer began the quest for the Orb.
     0 | D:1      | Reached XP level 1. HP: 10/10 MP: 4/4
   603 | D:1      | Reached XP level 2. HP: 13/16 MP: 1/6
  1408 | D:1      | Reached XP level 3. HP: 16/20 MP: 3/7
  1488 | D:1      | Reached skill level 1 in Fighting
  1771 | D:2      | Learned a level 3 spell: Vampiric Draining
  1922 | D:2      | Reached skill level 5 in Necromancy
  2313 | D:2      | Reached XP level 4. HP: 18/25 MP: 3/9
  2434 | D:2      | Noticed Sigmund
  2445 | D:2      | Killed Sigmund
  2446 | D:2      | Gained mutation: Your magical nature lets you fly swiftly
                  | and evasively. [Tengu growth]
  2446 | D:2      | Reached XP level 5. HP: 25/30 MP: 1/11
  2446 | D:2      | Reached XP level 6. HP: 29/35 MP: 1/12
  2560 | D:2      | Reached skill level 6 in Necromancy
  2961 | D:3      | Found Ibrade's Antique Armour Shoppe.
  3295 | D:3      | Noticed Grinder
  3311 | D:3      | Found a faded altar of an unknown god.
  3696 | D:3      | Learned a level 4 spell: Dispel Undead
  3849 | D:4      | Noticed a black bear
  3860 | D:4      | Killed a black bear
  3861 | D:4      | Reached XP level 7. HP: 40/40 MP: 14/14
  4871 | D:5      | Entered Level 5 of the Dungeon
  4882 | D:5      | Found a runed translucent gate.
  4883 | D:5      | Found a runed translucent gate.
  4883 | D:5      | Found a runed translucent gate.
  4929 | D:5      | Noticed NigelTetley's ghost (novice DECj)
  5171 | D:5      | Found a sacrificial altar of Ru.
  5177 | D:5      | Reached skill level 7 in Necromancy
  5191 | D:4      | Reached skill level 5 in Spellcasting
  5560 | D:5      | Found a shadowy altar of Dithmenos.
  5562 | D:5      | Found a glowing golden altar of the Shining One.
  5609 | D:5      | Found a hazy altar of Hepliaklqana.
  5670 | D:5      | Found a staircase to the Ecumenical Temple.
  5731 | Temple   | Entered the Ecumenical Temple
  5846 | D:3      | Paralysed by Grinder for 7 turns
  6141 | D:6      | Noticed Menkaure
  6145 | D:6      | Noticed a yak
  6147 | D:6      | Killed Menkaure
  6148 | D:6      | Reached XP level 8. HP: 48/48 MP: 17/17
  6149 | D:6      | Noticed a yak
  6152 | D:6      | Noticed a yak
  6152 | D:6      | Noticed a yak
  6153 | D:6      | Noticed a yak
  6163 | D:6      | Noticed a yak
  6170 | D:5      | Killed a yak
  6171 | D:5      | Reached skill level 8 in Necromancy
  6748 | D:5      | Killed a yak
  6988 | D:5      | Killed a yak
  6989 | D:5      | Reached skill level 9 in Necromancy
  6989 | D:5      | Reached XP level 9. HP: 42/52 MP: 13/20
  7121 | D:6      | Reached skill level 5 in Fighting
  8312 | D:7      | Reached skill level 10 in Necromancy
  8680 | D:7      | Found a shimmering blue altar of Sif Muna.
  8794 | D:7      | Found a broken altar of Ashenzari.
  9285 | D:7      | Reached XP level 10. HP: 48/60 MP: 21/23
  9943 | D:7      | Found a broken altar of Ashenzari.
 10052 | D:7      | Found a shimmering blue altar of Sif Muna.
 10449 | D:8      | Noticed anonymous's ghost (novice TeAE)
 10453 | D:8      | Found a runed translucent gate.
 10453 | D:8      | Found a runed translucent gate.
 10453 | D:8      | Found a runed translucent gate.
 10540 | D:8      | Reached skill level 11 in Necromancy
 11007 | D:8      | Found an ancient bone altar of Kikubaaqudgha.
 11011 | D:8      | Became a worshipper of Kikubaaqudgha
 11015 | D:8      | Found a blossoming altar of Fedhas.
 11020 | D:8      | Found a hide-covered altar of Uskayaw.
 11477 | D:9      | Found a burning altar of Makhleb.
 11570 | D:9      | Identified the +1 robe of the Invisible Artisans {Slay+3}
 11734 | D:9      | Noticed a two-headed ogre
 11742 | D:9      | Killed a two-headed ogre
 11827 | D:9      | Found Nifo Tix's Assorted Antiques.
 11831 | D:9      | Bought a metallic silvery potion for 23 gold pieces
 11840 | D:9      | Noticed Pikel
 12127 | D:9      | Killed Pikel
 12238 | D:9      | Reached skill level 12 in Necromancy
 12563 | D:9      | Killed an unseen horror
 12564 | D:9      | Reached XP level 11. HP: 30/67 MP: 20/25
 12907 | D:10     | Entered Level 10 of the Dungeon
 12970 | D:10     | Reached skill level 10 in Spellcasting
 13074 | D:10     | Reached * piety under Kikubaaqudgha
 13074 | D:10     | Received a gift from Kikubaaqudgha
 13083 | D:10     | Learned a level 2 spell: Sublimation of Blood
 13101 | D:10     | Found a flagged portal.
 13186 | Bailey   | Entered a bailey
 13867 | Bailey   | Reached ** piety under Kikubaaqudgha
 13955 | Bailey   | Noticed an orc warlord
 14270 | D:10     | Learned a level 5 spell: Borgnjor's Vile Clutch
 14676 | D:10     | Noticed a two-headed ogre
 14700 | D:10     | Found a shimmering altar of Xom.
 14711 | D:10     | Killed a two-headed ogre
 14712 | D:10     | Reached skill level 1 in Earth Magic
 15509 | D:11     | Noticed a two-headed ogre
 15515 | D:11     | Killed a two-headed ogre
 15516 | D:11     | Reached skill level 13 in Necromancy
 15598 | D:11     | Found a sacrificial altar of Ru.
 15730 | D:11     | Noticed Harold
 15738 | D:11     | Killed Harold
 15857 | D:11     | Found a staircase to the Lair.
 16479 | D:12     | Noticed a boulder beetle
 16479 | D:12     | Noticed a cyclops
 16479 | D:12     | Noticed a two-headed ogre
 16596 | D:11     | Killed a two-headed ogre
 16597 | D:11     | Reached XP level 12. HP: 47/74 MP: 15/28
 16783 | D:12     | Reached *** piety under Kikubaaqudgha
 16783 | D:12     | Received a gift from Kikubaaqudgha
 16866 | D:12     | Noticed a two-headed ogre
 16873 | D:12     | Killed a two-headed ogre
 16919 | D:12     | Noticed a death knight
 16945 | D:12     | Killed a death knight
 17218 | D:12     | Learned a level 6 spell: Death Channel
 17403 | D:12     | HP: 2/75 [skeletal warrior[a skeletal warrior] (7)]
 17439 | D:12     | Reached skill level 14 in Necromancy
 17723 | D:12     | Killed a boulder beetle
 17831 | D:12     | Found a staircase to the Orcish Mines.
 18350 | Lair:1   | Entered Level 1 of the Lair of Beasts
 19165 | Lair:1   | Reached skill level 5 in Earth Magic
 19179 | Lair:1   | Reached **** piety under Kikubaaqudgha
 19446 | Lair:1   | Reached XP level 13. HP: 77/80 MP: 28/30
 20071 | Lair:2   | Reached skill level 15 in Necromancy
 20088 | Lair:2   | HP: 4/80 [poisoned by a black mamba]
 20092 | Lair:2   | HP: 1/80 [poisoned by a black mamba]
 21430 | Lair:2   | Identified the +1 chain mail "Sicommee" {rC+}
 22739 | Lair:3   | Found a staircase to the Swamp.
 23128 | Lair:3   | Reached skill level 10 in Fighting
 24377 | Lair:4   | Noticed a fire dragon
 24392 | Lair:4   | Killed a fire dragon
 24393 | Lair:4   | Reached skill level 16 in Necromancy
 24748 | Lair:4   | Found a hole to the Spider Nest.
 24754 | Lair:4   | Reached ***** piety under Kikubaaqudgha
 24901 | Lair:4   | Identified the +10 rapier of Forgiveness {vorpal, Will-
                  | Str+5 SInv}
 25310 | Lair:5   | Reached XP level 14. HP: 88/88 MP: 26/32
 26297 | Lair:5   | Learned a level 1 spell: Apportation
 26298 | Lair:5   | Identified the ring of Figgesho {rF- rN+ Str+6 Dex+3
                  | Stlth+}
 26854 | Lair:6   | Entered Level 6 of the Lair of Beasts
 27409 | Lair:6   | Reached skill level 17 in Necromancy
 28422 | Lair:6   | Found a runed translucent door.
 29174 | Lair:6   | Reached XP level 15. HP: 63/95 MP: 34/34
 29312 | Lair:6   | Reached ****** piety under Kikubaaqudgha
 30070 | Lair:6   | Received a gift from Kikubaaqudgha
 30080 | Lair:6   | Learned a level 8 spell: Infestation
 30088 | Lair:6   | Learned a level 7 spell: Haunt
 30260 | Lair:6   | Reached skill level 15 in Spellcasting
 30515 | Lair:6   | Reached skill level 18 in Necromancy
 30595 | Lair:6   | Found a staircase to the Slime Pits.
 30866 | Lair:6   | Killed from afar by a fire dragon

Illustrated notes

Levels and vault maps discovered:
D:1:      dpeg_arrival_rooms_a, layout_basic, minmay_pentomino_x4
D:2:      wad_pebble_path, layout_loops_ring, uniq_sigmund
D:3:      layout_basic, ebering_ecumenical_altar_webs, serial_shops,
          nicolae_shop_trees, dk_vineyard_2, uniq_grinder
D:4:      layout_basic, dk_noncrumbling_2
D:5:      layout_rooms, mainiacjoe_overflow_surrounded_room,
          grunt_temple_overflow_open, minmay_temple_entry_antechambers,
          gammafunk_ghost_split, kennysheep_doodads
D:6:      layout_basic, uniq_menkaure
D:7:      layout_gridville, nicolae_overflow_hidden_temple,
          mainiacjoe_overflow_alcove_4, skrybe_limestone_x, minmay_checkerbox
D:8:      layout_rooms, grunt_temple_overflow_diamond, gammafunk_ghost_split
D:9:      layout_irregular_city, lightli_temple_of_fire, serial_shops, shop,
          uniq_pikel
D:10:     layout_cave_pods, xom_teletrap_fun, enter_bailey_3
D:11:     layout_gridville, dpeg_oklobed_lair,
          nicolae_ru_great_annihilating_truth, uniq_harold
D:12:     layout_basic, minmay_orc_entry_temple_small
Temple:   minmay_freezing_vapour_temple
Lair:1:   layout_gridlike
Lair:2:   layout_cave_pods
Lair:3:   layout_small_grid, skrybe_swamp_entry_bodies
Lair:4:   dragon1_lemuel, layout_hall_layers, nicolae_spider_entry_non_spiders
Lair:5:   dreamdust_isle_of_ice, layout_hall_layers, grunt_megastairs_3
Lair:6:   guppyfry_lair_end_dragon, layout_gridlike, wormcave,
          minmay_slime_entry_oklob_enclosed, minmay_shattered_shrine,
          infiniplex_staircase_pool_2

Skill      XL: |  1  2  3  4  5  6  7  8  9 10 11 12 13 14 15 |
---------------+----------------------------------------------+-----
Fighting       | 1 2 3 4 5 7 8 9 10 11 | 11.6
Necromancy     | 5 6 7 9 10 12 13 14 16 17 18 | 18.0
Spellcasting   | 3 4 5 6 8 9 11 12 13 14 15 | 15.0
Earth Magic    | 3 5 |  5.0
Dodging        | |  2.1
Stealth        | |  2.0
Summonings     | |  0.9

Action                   |  1- 3 |  4- 6 |  7- 9 | 10-12 | 13-15 || total
-------------------------+-------+-------+-------+-------+-------++-------
Melee: Dagger            |     2 |     2 |     5 |     4 |       ||    13
       Peck              |     1 |     1 |     1 |     7 |     2 ||    12
       Kick              |     1 |       |     1 |     9 |     6 ||    17
       Whip              |       |       |       |    33 |     8 ||    41
 Cast: Pain              |    68 |    42 |   138 |   174 |   159 ||   581
       Vampiric Draining |     1 |     2 |    66 |   150 |    64 ||   283
       Dispel Undead     |       |     2 |    20 |    49 |     4 ||    75
       Borgnjor's Vile C |       |       |       |    65 |   331 ||   396
       Death Channel     |       |       |       |     2 |       ||     2
       Apportation       |       |       |       |       |     1 ||     1
Invok: Receive Forbidden |       |       |       |       |     1 ||     1
Evoke: Wand              |       |       |       |     2 |     3 ||     5
  Use: Scroll            |       |       |    12 |    10 |     6 ||    28
       Potion            |       |       |       |     1 |     5 ||     6
 Stab: Sleeping          |     1 |     1 |       |     1 |       ||     3
       Distracted        |       |       |     1 |       |       ||     1
Armor: Robe              |     2 |     3 |     6 |       |       ||    11
       Steam dragon scal |       |       |    17 |    68 |       ||    85
       Acid dragon scale |       |       |       |    39 |    55 ||    94
Dodge: Dodged            |    15 |     8 |    86 |   218 |   161 ||   488

Table legend: (Time is in decaauts)
 A = Elapsed time spent in this place.
 B = Non-inter-level travel time spent in this place.
 C = Inter-level travel time spent in this place.
 D = Time resting spent in this place.
 E = Time spent auto-exploring this place.
 F = Levels seen in this place.
 G = Mean time per level.
                   A        B        C        D        E       F      G
               +--------+--------+--------+--------+--------+-----+--------+
         Total |  29633 |  28872 |    761 |   2940 |  21747 |  20 | 1481.7 |
       Dungeon |  16844 |  16297 |    547 |   1523 |  12691 |  12 | 1403.7 |
        Temple |      1 |      1 |      0 |      0 |      0 |   1 |    1.0 |
          Lair |  11988 |  11774 |    214 |   1417 |   8488 |   6 | 1998.0 |
        Bailey |    799 |    799 |      0 |      0 |    567 |   1 |  799.0 |
               +--------+--------+--------+--------+--------+-----+--------+

Top non-repeatable levels by time:
  Lair:6: 3752 daAuts
  Lair:2: 2253 daAuts
     D:6: 1802 daAuts
     D:7: 1794 daAuts
  Lair:3: 1766 daAuts
     D:1: 1695 daAuts
    D:10: 1560 daAuts
  Lair:1: 1549 daAuts
    D:11: 1518 daAuts
     D:9: 1518 daAuts
     D:4: 1516 daAuts
  Lair:5: 1496 daAuts
    D:12: 1325 daAuts
     D:2: 1318 daAuts
  Lair:4: 1169 daAuts
